 Dungeon Sprint DCSS version 0.21-a0-154-gb5400c9 (webtiles) character file.

6780 Lunath the Severer (level 10, -4/103 HPs)
             Began as a Minotaur Fighter on Aug 2, 2017.
             Was a High Priest of Okawaru.
             Slain by a 12-headed hydra (8 damage)
             ... while paralysed by a floating eye
             ... in the Dungeon (Sprint I: "Red Sonja").
             The game lasted 00:04:15 (1365 turns).

Lunath the Severer (Minotaur Fighter)               Turns: 1365, Time: 00:04:15

Health: -4/103     AC:  9    Str: 22    XL:     10   Next: 76%
Magic:  9/9        EV:  2    Int:  5    God:    Okawaru [*****.]
Gold:   575        SH:  0    Dex: 12    Spells: 9/9 levels left

rFire    . . .     SeeInvis .   g - +7 battleaxe of Starshine {chop, *Noise +Blink rPois rC++}
rCold    + + .     Gourm    .   (shield currently unavailable)
rNeg     . . .     Faith    .   b - +0 scale mail
rPois    +         Spirit   .   (helmet restricted)
rElec    .         Reflect  .   (no cloak)
rCorr    .         Harm     .   (no gloves)
MR       .....     NoTele   +   (no boots)
Stlth    ..........             (no amulet)
HPRegen  0.27/turn              (no ring)
MPRegen  0.11/turn              (no ring)

@: paralysed
A: retaliatory headbutt, horns 2
a: Heroism, Finesse, Renounce Religion, Evoke Blink


You were in the Dungeon.
You worshipped Okawaru.
Okawaru was extremely pleased with you.
You were not hungry.

You visited 1 branch You collected 575 gold pieces.

Inventory:

Hand Weapons
 a - a +0 war axe
 g - the +7 battleaxe of Starshine (weapon) {chop, *Noise +Blink rPois rC++}
   (Okawaru gifted it to you in the Dungeon)

   It inflicts extra damage upon your enemies.
   It greatly protects you from cold.
   It protects you from poison.
   It lets you blink.
   It may make noises in combat.
Armour
 b - a +0 scale mail (worn)
 c - a +0 shield
Potions
 d - a potion of lignification {unknown}
 e - a potion of curing
 i - 2 potions of magic


   Skills:
 + Level 14.0 Fighting
 * Level 18.4 Axes
 + Level 14.0 Armour
 + Level 13.9 Shields


You had 9 spell levels left.
You didn't know any spells.

Dungeon Overview and Level Annotations

Branches:
Dungeon (1/1)

Altars:
Cheibriados
Dithmenos
Elyvilon
Fedhas
Gozag
Hepliaklqana
Kikubaaqudgha
Makhleb
Nemelex Xobeh
Okawaru
Qazlal
Ru
Sif Muna
Trog
Uskayaw
Vehumet
Wu Jian
Xom
Yredelemnul
Zin
The Shining One
Jiyva
Lugonu

Shops:
D :


Innate Abilities, Weirdness & Mutations

You reflexively headbutt those who attack you in melee.
You have a pair of horns on your head.


Message History

The 12-headed hydra bites you but does no damage. x3
The 12-headed hydra bites you! x2
The 12-headed hydra bites you but does no damage.
The 12-headed hydra bites you.
The 12-headed hydra bites you but does no damage.
The 12-headed hydra bites you. x2; The 12-headed hydra bites you!
The floating eye seems to glare at you.
The 12-headed hydra bites you but does no damage. x2
The 12-headed hydra bites you!
* * * LOW HITPOINT WARNING * * *
The 12-headed hydra bites you!
* * * LOW HITPOINT WARNING * * *
The 12-headed hydra bites you but does no damage.
The 12-headed hydra bites you!
* * * LOW HITPOINT WARNING * * *
The 12-headed hydra bites you.
* * * LOW HITPOINT WARNING * * *
The 12-headed hydra bites you but does no damage.
The 12-headed hydra bites you!
You die...

#####################
..#..#§§§.§.§§§§@DG$#
.†##'#§####§§§§§##§.+
..†..#§# ##.§.######
###§§'.# ###+# )$##
#§#### #.##$$$# #..§
#..###$# #..§.
##.#A#$# ###.§§
#..###$# ..§#
#x##..$#


You could see a 12-headed hydra and a floating eye.

Vanquished Creatures
  4 unseen horrors (D)
  A lindwurm (D)
  A gargoyle (D)
  2 kobold demonologists (D)
  4 demonic crawlers (D)
  A slime creature (D)
  Sigmund (D)
  A yak (D)
  13 hogs (D)
  A floating eye (D)
  An ogre (D)
  A jelly (D)
  Ijyb (D)
32 creatures vanquished.

Notes
Turn   | Place    | Note
-------+----------+-------------------------------------------
     0 | D        | Lunath the Minotaur Fighter began the quest for the Orb.
     0 | D        | Reached XP level 1. HP: 19/19 MP: 0/0
     3 | D        | Noticed Ijyb
     8 | D        | Killed Ijyb
     8 | D        | Reached skill level 5 in Axes
     8 | D        | Reached XP level 2. HP: 28/28 MP: 1/1
    13 | D        | Noticed an ogre
    16 | D        | Killed an ogre
    16 | D        | Reached skill level 7 in Axes
    16 | D        | Reached XP level 3. HP: 37/37 MP: 2/2
    16 | D        | Reached XP level 4. HP: 44/44 MP: 3/3
    28 | D        | Noticed Sigmund
    31 | D        | Killed Sigmund
    31 | D        | Reached skill level 9 in Axes
    31 | D        | Reached XP level 5. HP: 52/52 MP: 4/4
    31 | D        | Reached XP level 6. HP: 60/60 MP: 5/5
    47 | D        | Found a deep blue altar of Sif Muna.
    48 | D        | Found an ornate altar of the Wu Jian Council.
    49 | D        | Found a radiant altar of Vehumet.
    52 | D        | Reached skill level 10 in Axes
    75 | D        | Found Rosa's Book Emporium.
    75 | D        | Found an ancient bone altar of Kikubaaqudgha.
    75 | D        | Found a hazy altar of Hepliaklqana.
    75 | D        | Found a hide-covered altar of Uskayaw.
    75 | D        | Found a basalt altar of Yredelemnul.
    75 | D        | Found an opulent altar of Gozag.
    75 | D        | Found a snail-covered altar of Cheibriados.
    75 | D        | Found a sacrificial altar of Ru.
    75 | D        | Found a shadowy altar of Dithmenos.
    75 | D        | Noticed a yak
    82 | D        | Killed a yak
    82 | D        | Reached skill level 11 in Axes
    83 | D        | Found a stormy altar of Qazlal.
    83 | D        | Found a blossoming altar of Fedhas.
    83 | D        | Found a bloodstained altar of Trog.
    83 | D        | Found an iron altar of Okawaru.
    83 | D        | Found a glowing golden altar of the Shining One.
    83 | D        | Found a glowing silver altar of Zin.
    83 | D        | Found a white marble altar of Elyvilon.
    86 | D        | Found a sparkling altar of Nemelex Xobeh.
    91 | D        | Became a worshipper of Warmaster Okawaru
   102 | D        | Noticed a centaur warrior
   108 | D        | Found a viscous altar of Jiyva.
   108 | D        | Found a corrupted altar of Lugonu.
   108 | D        | Noticed a slime creature
   109 | D        | Found a burning altar of Makhleb.
   109 | D        | Found a shimmering altar of Xom.
   116 | D        | Killed a slime creature
   116 | D        | Reached * piety under Okawaru
   116 | D        | Reached XP level 7. HP: 44/70 MP: 6/6
   251 | D        | Noticed a kobold demonologist
   252 | D        | Noticed a kobold demonologist
   253 | D        | Noticed a red devil
   253 | D        | Reached skill level 12 in Axes
   260 | D        | Killed a kobold demonologist
   260 | D        | Reached ** piety under Okawaru
   260 | D        | Reached skill level 10 in Fighting
   260 | D        | Reached skill level 13 in Axes
   260 | D        | Reached skill level 10 in Armour
   260 | D        | Reached skill level 10 in Shields
   263 | D        | Noticed a ynoxinul
   263 | D        | Killed a kobold demonologist
   263 | D        | Reached XP level 8. HP: 74/80 MP: 5/7
   286 | D        | Noticed a demonic crawler
   286 | D        | Noticed a demonic crawler
   286 | D        | Noticed a demonic crawler
   286 | D        | Noticed a demonic crawler
   296 | D        | Killed a demonic crawler
   296 | D        | Reached *** piety under Okawaru
   296 | D        | Reached skill level 14 in Axes
   299 | D        | Killed a demonic crawler
   301 | D        | Killed a demonic crawler
   301 | D        | Reached XP level 9. HP: 89/89 MP: 5/8
   305 | D        | Killed a demonic crawler
   305 | D        | Reached skill level 15 in Axes
   393 | D        | Noticed a gargoyle
   409 | D        | Killed a gargoyle
   439 | D        | Noticed a lindwurm
   445 | D        | Killed a lindwurm
   445 | D        | Reached **** piety under Okawaru
   614 | D        | Reached skill level 16 in Axes
   640 | D        | Reached XP level 10. HP: 63/100 MP: 6/9
   656 | D        | Reached skill level 17 in Axes
   661 | D        | Reached ***** piety under Okawaru
   931 | D        | Noticed a daeva
   939 | D        | Noticed an unseen horror
   939 | D        | Noticed an unseen horror
   940 | D        | Noticed an unseen horror
   943 | D        | Noticed an unseen horror
   946 | D        | Killed an unseen horror
   951 | D        | Killed an unseen horror
   951 | D        | Received a gift from Okawaru
   952 | D        | Got a jewelled battleaxe {god gift}
   961 | D        | Identified the +7 battleaxe of Starshine {chop, *Noise +Blink rPois rC++} (Okawaru gifted it to you in the Dungeon)
   966 | D        | Killed an unseen horror
   966 | D        | Reached skill level 18 in Axes
   968 | D        | HP: 3/102 [something (4)]
   970 | D        | Killed an unseen horror
  1363 | D        | Noticed a 12-headed hydra
  1363 | D        | Paralysed by a floating eye for 3 turns
  1365 | D        | HP: 4/103 [12-headed hydra (5)]
  1365 | D        | Slain by a 12-headed hydra

Vault maps used:
D:        dungeon_sprint_1

Skill      XL: |  1  2  3  4  5  6  7  8  9 10 |
---------------+-------------------------------+-----
Fighting       | 4 6 7 9 10 11 12 14 | 14.0
Axes           | 5 7 9 11 13 14 16 18 | 18.4
Armour         | 4 6 7 9 10 11 12 14 | 14.0
Shields        | 4 6 7 9 10 11 12 13 | 13.9

Action                   |  1- 3 |  4- 6 |  7- 9 | 10-12 || total
-------------------------+-------+-------+-------+-------++-------
Melee: War axe           |     7 |    18 |    64 |    40 ||   129
       Headbutt          |     2 |     5 |    16 |     9 ||    32
       Battleaxe         |       |       |       |     5 ||     5
Invok: Heroism           |       |       |     4 |     2 ||     6
  Use: Potion            |     1 |       |     1 |     2 ||     4
       Scroll            |       |       |     1 |     1 ||     2
  Eat: Bread ration      |       |       |       |     1 ||     1
Armor: Scale mail        |     2 |     1 |    14 |    25 ||    42
Dodge: Dodged            |     3 |     3 |    16 |     8 ||    30
Block: Shield            |     1 |     8 |    32 |    20 ||    61
